[Event "Titled Tuesday Blitz August 08 Late 2023"]
[White "Omariev, Maksim"]
[Black "Eugene, Floryan"]
[WhiteFideId "4193423"]
[BlackFideId "20694784"]
[WhiteElo "2452"]
[BlackElo "2652"]
[Result "1-0"]
[Round "9"]
[TimeControl "180+1"]
[Date "2023.08.08"]
[WhiteClock "0:00:05"]
[BlackClock "0:00:39"]
[Board "62"]

1. g4 g5 2. Bg2 Bg7 3. d4 h6 4. c4 d6 5. h3 Nd7 6. Nc3 c6 7. e4 e5 8. Nge2 Ne7 9. Be3 Ng6 10. Ng3 Nh4 11. O-O O-O 12. d5 c5 13. a3 Re8 14. b4 b6 15. Nf5 Nxg2 16. Kxg2 Nf8 17. f3 Ng6 18. Rb1 h5 19. Ne2 h4 20. Qd2 Bf6 21. bxc5 bxc5 22. Rb3 Ba6 23. Qc3 Rb8 24. Rfb1 Qc7 25. Qb2 Rxb3 26. Qxb3 Nf8 27. Bd2 Nd7 28. Nc3 Rb8 29. Qa2 Rxb1 30. Nxb1 Nb6 31. Ne3 Qd7 32. Qb3 Qa4 33. Qxa4 Nxa4 34. Ba5 Kf8 35. Bc7 Be7 36. Nd2 Ke8 37. Bb8 Kd7 38. Nf5 Bd8 39. Bxd6 Ba5 40. Nb3 Bb6 41. Bxe5 Bxc4 42. Nd2 Bd3 43. Bf6 c4 44. Bxg5 c3 45. Nb3 c2 46. Nc1 Bc4 47. Ne3 Ba6 48. Nxc2 Nc3 49. Bxh4 Nd1 50. Bg3 Ne3+ 51. Nxe3 Bxe3 52. Nb3 Bc4 53. Na5 Bb5 54. Bf2 Bc1 55. Nc6 a6 56. Ne5+ Ke7 57. Nc6+ Kd7 58. Ne5+ Kd6 59. Nxf7+ Ke7 60. Ne5 Bxa3 61. Ng6+ Kf6 62. Nf4 Kg5 63. Ne2 Bxe2 64. Be3+ Kh4 65. e5 Bc4 66. d6 Be6 67. f4 Bd5+ 68. Kh2 Bc5 69. Bxc5 Bg2 70. Bf2# 1-0


[Site "https://www.chess.com"]

[Event "Titled Tuesday Blitz August 08 Late 2023"]
[White "Fisher_TheGalactic"]
[Black "Kubatko, Ivan"]
[BlackFideId "24111473"]
[WhiteElo "2639"]
[BlackElo "2456"]
[Result "0-1"]
[Round "9"]
[TimeControl "180+1"]
[Date "2023.08.08"]
[WhiteClock "0:00:23"]
[BlackClock "0:00:18"]
[Board "63"]

1. e4 d5 2. exd5 Qxd5 3. Nc3 Qa5 4. Nf3 Nf6 5. Bc4 Bg4 6. O-O Nc6 7. d3 Ne5 8. Bf4 Nxf3+ 9. gxf3 Bh3 10. Re1 e6 11. Bg3 O-O-O 12. Qe2 Bb4 13. a3 Bxc3 14. bxc3 Nd5 15. Bxd5 Qxd5 16. Rab1 h5 17. c4 Qc6 18. Qe4 h4 19. Qxc6 bxc6 20. Bf4 g5 21. Be3 g4 22. fxg4 Bxg4 23. Bxa7 Rhg8 24. Kf1 Kd7 25. Re3 Ra8 26. Bc5 Ra5 27. Bb4 Rf5 28. d4 h3 29. Rbb3 Bh5 30. Rxh3 Rg4 31. Rbd3 Ke8 32. Rhg3 Re4 33. Be1 Be2+ 34. Kg2 Bxd3 35. Rg8+ Kd7 36. cxd3 Rxe1 37. Kg3 Rd1 38. h4 Rxd3+ 39. Kg4 Rxd4+ 40. Kg3 Rd3+ 41. Kg4 Rd4+ 42. Kg3 Rxc4 43. h5 Rc3+ 44. Kg4 Rc1 45. Kh3 Rh1+ 46. Kg4 Rhxh5 47. f4 Rh1 48. Kf3 Ra1 49. Ke4 Rxa3 50. Rb8 Ra4+ 51. Ke3 Ra3+ 52. Ke4 Raa5 53. Rb4 Rad5 54. Rc4 c5 55. Rc1 Kc6 56. Ke3 Rd4 57. Ra1 Rfd5 58. Ra6+ Kd7 59. Ra3 Rd3+ 60. Rxd3 Rxd3+ 61. Kxd3 Kd6 62. Kc4 c6 63. Kc3 Kd5 64. Kd3 c4+ 65. Kc3 c5 66. Kc2 Kd4 67. Kd2 c3+ 68. Kc2 Ke4 69. f5 exf5 70. Kxc3 Ke3 71. Kc4 f4 72. Kxc5 Ke2 73. Kd5 f3 74. Kd6 f2 75. Ke7 f1=Q 76. Kf8 f5 77. Kg7 f4 78. Kf8 f3 79. Kg7 f2 80. Kf8 Qc1 81. Kg7 Qe3 82. Kf8 f1=Q+ 83. Kg7 Qg3+ 84. Kh7 Qh1# 0-1


[Site "https://www.chess.com"]

[Event "Titled Tuesday Blitz August 08 Late 2023"]
[White "Ladan, Nicholas"]
[Black "Vaibhav Jayant Raut"]
[WhiteFideId "30918855"]
[BlackFideId "5089034"]
[WhiteElo "2431"]
[BlackElo "2593"]
[Result "1/2-1/2"]
[Round "9"]
[TimeControl "180+1"]
[Date "2023.08.08"]
[WhiteClock "0:01:48"]
[BlackClock "0:02:15"]
[Board "64"]

1. d4 Nf6 2. Bg5 c5 3. e3 e6 4. Nd2 cxd4 5. exd4 Be7 6. c3 O-O 7. Bd3 b6 8. Qf3 d5 9. Qh3 h6 10. Bxh6 gxh6 11. Qxh6 Re8 12. Qg5+ Kh8 13. Qh6+ Kg8 14. Qg5+ Kh8 15. Qh6+ Kg8 1/2-1/2


[Site "https://www.chess.com"]

[Event "Titled Tuesday Blitz August 08 Late 2023"]
[White "Chen, Max"]
[Black "Bueno, Alfeu Junior Varela"]
[WhiteFideId "2622440"]
[BlackFideId "2108879"]
[WhiteElo "2570"]
[BlackElo "2426"]
[Result "1-0"]
[Round "9"]
[TimeControl "180+1"]
[Date "2023.08.08"]
[WhiteClock "0:00:15"]
[BlackClock "0:00:00"]
[Board "65"]

1. e4 e6 2. Qe2 e5 3. Nf3 Nc6 4. g3 Nf6 5. Bg2 Bc5 6. O-O O-O 7. c3 Re8 8. b4 Bb6 9. b5 Nb8 10. a4 a6 11. Bb2 axb5 12. axb5 Rxa1 13. Bxa1 d5 14. exd5 e4 15. Ne1 Bg4 16. Qc4 Qxd5 17. Qxd5 Nxd5 18. c4 Nb4 19. Bc3 Na2 20. Nc2 Be2 21. Re1 Bd3 22. Nba3 Nxc3 23. dxc3 Nd7 24. Nb4 Nf6 25. Nxd3 exd3 26. Rxe8+ Nxe8 27. Nb1 Nd6 28. Bd5 Ba5 29. Kf1 c6 30. bxc6 bxc6 31. c5 Nb7 32. Bxc6 Nxc5 33. Ke1 f5 34. Kd2 Kf7 35. f3 Ke6 36. Bb5 Ke5 37. Bxd3 Nb3+ 38. Ke3 Nc5 39. Bc2 g6 40. h4 Kd5 41. Kd2 Kc4 42. Na3+ Kd5 43. Bd3 Ke5 44. Nc4+ Kd5 45. Nxa5 1-0


[Site "https://www.chess.com"]

[Event "Titled Tuesday Blitz August 08 Late 2023"]
[White "Romero Ruscalleda, Josep"]
[Black "Hajiyev, Kanan"]
[WhiteFideId "2231859"]
[BlackFideId "13404148"]
[WhiteElo "2414"]
[BlackElo "2551"]
[Result "0-1"]
[Round "9"]
[TimeControl "180+1"]
[Date "2023.08.08"]
[WhiteClock "0:00:12"]
[BlackClock "0:00:37"]
[Board "66"]

1. e4 c6 2. Nc3 d5 3. Nf3 a6 4. d4 Bg4 5. h3 Bh5 6. Bf4 e6 7. Bd3 Nf6 8. e5 Nfd7 9. g4 Bg6 10. Ne2 c5 11. c3 Nc6 12. O-O Bxd3 13. Qxd3 h5 14. g5 g6 15. a4 Be7 16. Kg2 cxd4 17. Nexd4 Nc5 18. Qe2 Ne4 19. h4 O-O 20. Nxc6 bxc6 21. Nd4 Qb6 22. f3 Nc5 23. b4 Nd7 24. a5 Qc7 25. c4 Bxb4 26. cxd5 cxd5 27. Rfc1 Bc5 28. Nb3 Rfc8 29. Be3 Qxe5 30. Nxc5 Nxc5 31. Kf1 Nb3 32. Rxc8+ Rxc8 33. Rb1 Nc5 34. Rc1 d4 35. Bf2 Qxe2+ 36. Kxe2 e5 37. Be1 Rc7 38. Bb4 Ne6 39. Rxc7 Nxc7 40. Kd3 Nd5 41. Bd6 Nf4+ 42. Kd2 Ng2 43. Bxe5 Nxh4 44. f4 Nf3+ 45. Kd3 Nxe5+ 46. fxe5 h4 47. Kxd4 h3 48. Ke3 h2 49. Kf2 h1=Q 0-1


[Site "https://www.chess.com"]

[Event "Titled Tuesday Blitz August 08 Late 2023"]
[White "Mazurkiewicz, Michal"]
[Black "Mendez Fortes, Eduardo Jesus"]
[WhiteFideId "1124943"]
[BlackFideId "3502376"]
[WhiteElo "2405"]
[BlackElo "2547"]
[Result "0-1"]
[Round "9"]
[TimeControl "180+1"]
[Date "2023.08.08"]
[WhiteClock "0:00:44"]
[BlackClock "0:00:06"]
[Board "67"]

1. e4 c5 2. Nf3 d6 3. g3 g6 4. Bg2 Bg7 5. O-O Nc6 6. d3 e5 7. Nc3 Nge7 8. Nd2 O-O 9. Nc4 Rb8 10. a4 b6 11. Nb5 d5 12. exd5 Nxd5 13. Nbd6 Be6 14. c3 a6 15. Ne4 h6 16. a5 f5 17. Ned2 b5 18. Nb6 Nxb6 19. Bxc6 Nd5 20. c4 Nb4 21. Nb3 Nxc6 22. Nxc5 Bc8 23. Qf3 Nd4 24. Qd1 bxc4 25. dxc4 Qc7 26. b4 Rxb4 27. Ba3 Rxc4 28. Nb3 Rd8 29. Nd2 Rc6 30. Qa4 Bb7 31. f3 Ne2+ 32. Kf2 Rxd2 33. Rfd1 Rcc2 34. Ke1 Qc3 35. Qe8+ Kh7 36. Kf1 Nxg3+ 37. hxg3 Rf2+ 38. Kg1 Rg2+ 39. Kh1 Rh2+ 40. Kg1 Rcg2+ 41. Kf1 Qxf3+ 42. Ke1 Qe2# 0-1


[Site "https://www.chess.com"]

[Event "Titled Tuesday Blitz August 08 Late 2023"]
[White "Muhammad Shahzeb"]
[Black "Slaby, Jerzy"]
[WhiteFideId "7804806"]
[BlackFideId "1121405"]
[WhiteElo "2394"]
[BlackElo "2538"]
[Result "1-0"]
[Round "9"]
[TimeControl "180+1"]
[Date "2023.08.08"]
[WhiteClock "0:00:08"]
[BlackClock "0:00:09"]
[Board "68"]

1. e4 c5 2. Nc3 d6 3. f4 g6 4. Nf3 Bg7 5. Bc4 e6 6. O-O Ne7 7. d3 Nbc6 8. f5 d5 9. Bb5 dxe4 10. fxe6 Bxe6 11. Nxe4 O-O 12. Kh1 Nd4 13. Bc4 Bxc4 14. dxc4 Nef5 15. Nxc5 Qc7 16. Nxd4 Nxd4 17. Nb3 Qxc4 18. Nxd4 Bxd4 19. Bh6 Rfd8 20. Qg4 Rac8 21. Rad1 b5 22. Rf4 f5 23. Qf3 Qc5 24. Bg5 Rd6 25. Be7 Be5 26. Bxd6 Bxd6 27. Qb3+ Kg7 28. Rfd4 Rc6 29. Qe6 Be5 30. Rd7+ Kh6 31. Qb3 Qxc2 32. Qh3+ Kg5 33. Qe3+ Bf4 34. h4+ Kg4 35. Qf3+ Kxh4 36. Qxf4+ Kh5 37. Qf3+ Kg5 38. Qg3+ Kf6 39. Qh4+ Ke6 40. Qd4 Qe4 41. Rd6+ Ke7 42. Rxc6 Qxc6 43. Qd8+ Ke6 44. Qg8+ Ke5 45. Qxh7 Kf4 46. Qh2+ Kg4 47. Qh3+ Kg5 48. Qf3 Kf6 49. Rf1 Qc4 50. Qd1 Qh4+ 51. Kg1 Qg5 52. Rf2 Qe3 53. Qf3 Kg7 54. Qxe3 f4 55. Qd4+ 1-0


[Site "https://www.chess.com"]

[Event "Titled Tuesday Blitz August 08 Late 2023"]
[White "Papayan, Oleg"]
[Black "Korpics, Zsolt"]
[WhiteFideId "4193911"]
[BlackFideId "705241"]
[WhiteElo "2537"]
[BlackElo "2387"]
[Result "1-0"]
[Round "9"]
[TimeControl "180+1"]
[Date "2023.08.08"]
[WhiteClock "0:00:22"]
[BlackClock "0:00:03"]
[Board "69"]

1. e4 c5 2. d4 cxd4 3. Qxd4 Nc6 4. Qd3 Nf6 5. Nc3 d6 6. Nf3 g6 7. Be2 Bg7 8. O-O O-O 9. Nd5 Nd7 10. c3 Nc5 11. Qc2 e6 12. Ne3 Ne5 13. Rd1 Qc7 14. Nxe5 dxe5 15. b4 Nd7 16. c4 Nb8 17. c5 Nc6 18. Qc3 Nd4 19. Bf1 Bd7 20. Nc4 Bc6 21. f3 Rfd8 22. Bg5 Rd7 23. Nd6 a6 24. a4 Rxd6 25. cxd6 Qxd6 26. b5 Bd7 27. bxa6 bxa6 28. a5 Rc8 29. Qa3 Qxa3 30. Rxa3 Bf8 31. Ra2 Bc5 32. Kh1 Bb5 33. Bxb5 Nxb5 34. Rc1 Rc7 35. Rac2 Bd6 36. Bd8 Rxc2 37. Rxc2 Kg7 38. Bb6 Bb4 39. Rc8 Nd4 40. Ra8 Nc6 41. Rxa6 f5 42. Ra8 Kf6 43. a6 Kg5 44. Rc8 fxe4 45. Rxc6 Kf4 46. fxe4 Kxe4 47. a7 Kd3 48. a8=Q e4 49. Qa4 e3 50. Qc2# 1-0


[Site "https://www.chess.com"]

[Event "Titled Tuesday Blitz August 08 Late 2023"]
[White "Sam, Gabriel"]
[Black "Dwilewicz, Katarzyna"]
[WhiteFideId "75000776"]
[BlackFideId "1148486"]
[WhiteElo "2535"]
[BlackElo "2385"]
[Result "0-1"]
[Round "9"]
[TimeControl "180+1"]
[Date "2023.08.08"]
[WhiteClock "0:00:02"]
[BlackClock "0:00:15"]
[Board "70"]

1. e4 c5 2. Nf3 d6 3. d4 cxd4 4. Nxd4 Nf6 5. f3 e5 6. Nb3 a5 7. a4 Be7 8. Nc3 O-O 9. Be3 Be6 10. Bb5 Nc6 11. O-O d5 12. exd5 Nxd5 13. Nxd5 Bxd5 14. Qe2 Be6 15. Rad1 Qc7 16. Qf2 Rac8 17. Bb6 Qb8 18. Nc5 Nd4 19. Nxe6 Nxe6 20. c3 Bc5 21. Bxc5 Rxc5 22. Rd7 Rd8 23. Rfd1 Rxd7 24. Rxd7 Qc8 25. Qd2 g6 26. h4 Rc7 27. Rd6 h5 28. Bd7 Rxd7 29. Rxd7 Qc4 30. Rxb7 Qxh4 31. b4 axb4 32. Rxb4 Qe7 33. a5 Qc5+ 34. Kh2 Qxa5 35. Qh6 Qd8 36. Qe3 Qd6 37. Qa7 Kg7 38. Qe3 Nf4 39. Rb6 Qe7 40. Rb5 Qh4+ 41. Kg1 Qg5 42. Rb2 Nh3+ 43. Kh2 Qxe3 44. Kxh3 Qxc3 45. Re2 Qc7 46. Re4 f5 47. Re2 Kf6 48. Kg3 g5 49. Kf2 h4 50. Kg1 Qc5+ 51. Kh2 Qd5 52. Rb2 e4 53. Rb6+ Ke5 54. fxe4 Qxe4 55. Rb5+ Kf4 56. Rb3 g4 57. Rg3 hxg3+ 58. Kh1 Qe1# 0-1


[Site "https://www.chess.com"]

[Event "Titled Tuesday Blitz August 08 Late 2023"]
[White "Davidson, Kevin"]
[Black "Ansh M Shah"]
[WhiteFideId "2056810"]
[BlackFideId "25033379"]
[WhiteElo "2376"]
[BlackElo "2521"]
[Result "0-1"]
[Round "9"]
[TimeControl "180+1"]
[Date "2023.08.08"]
[WhiteClock "0:00:00"]
[BlackClock "0:00:12"]
[Board "71"]

1. e4 c5 2. Nf3 Nc6 3. d4 cxd4 4. Nxd4 g6 5. Be3 Bg7 6. c4 Qa5+ 7. Nc3 Nf6 8. f3 d6 9. Be2 O-O 10. O-O Nxd4 11. Bxd4 Be6 12. Qb3 Rab8 13. a4 a6 14. Bb6 Qh5 15. Nd5 Bxd5 16. exd5 Nd7 17. Bf2 b6 18. Rfe1 Nc5 19. Qc2 a5 20. Rab1 Rfe8 21. b4 axb4 22. Rxb4 Qe5 23. Reb1 Ra8 24. Rxb6 Nxa4 25. Rb7 Nc3 26. Re1 Ra2 27. Rb2 Nxe2+ 28. Rxe2 Rxb2 0-1


[Site "https://www.chess.com"]

[Event "Titled Tuesday Blitz August 08 Late 2023"]
[White "Stachanczyk, Jacek"]
[Black "Chor, Kevin"]
[WhiteFideId "1116657"]
[BlackFideId "2090740"]
[WhiteElo "2340"]
[BlackElo "2517"]
[Result "1/2-1/2"]
[Round "9"]
[TimeControl "180+1"]
[Date "2023.08.08"]
[WhiteClock "0:01:18"]
[BlackClock "0:00:06"]
[Board "72"]

1. d4 Nf6 2. c4 g6 3. g3 Bg7 4. Bg2 O-O 5. e4 d6 6. Nc3 Nc6 7. Nge2 Bg4 8. f3 Bd7 9. d5 Na5 10. b3 c5 11. dxc6 Nxc6 12. Be3 Rc8 13. O-O Re8 14. Rc1 Qa5 15. Qd2 a6 16. Rfd1 b5 17. Nd5 Qxd2 18. Bxd2 bxc4 19. Nxf6+ Bxf6 20. Rxc4 Ne5 21. Rxc8 Rxc8 22. Rc1 Rxc1+ 23. Nxc1 Kf8 24. Kf2 Bb5 25. h3 Nd3+ 26. Nxd3 Bxd3 27. Bf1 Bd4+ 28. Kg2 Bxf1+ 29. Kxf1 Ke8 30. Ke2 Kd7 31. Kd3 Bf2 32. g4 Kc6 33. Kc4 e6 34. a4 h5 35. b4 d5+ 36. exd5+ exd5+ 37. Kd3 Kd6 38. Bc3 Ke6 39. b5 axb5 40. axb5 hxg4 41. hxg4 f5 42. Bd4 Bg3 43. Bc5 fxg4 44. fxg4 Kf6 45. Kd4 Ke6 46. Kd3 Kf6 47. b6 Kg5 48. Be7+ Kxg4 49. Bd8 Bf2 50. b7 Ba7 51. Bc7 Kf5 52. b8=Q Bxb8 53. Bxb8 g5 54. Kd4 g4 55. Kxd5 g3 56. Bxg3 1/2-1/2


[Site "https://www.chess.com"]

[Event "Titled Tuesday Blitz August 08 Late 2023"]
[White "Domingo Nunez, Alejandro"]
[Black "Vafin, Ayrat"]
[WhiteFideId "22245561"]
[BlackFideId "4146530"]
[WhiteElo "2515"]
[BlackElo "2325"]
[Result "1-0"]
[Round "9"]
[TimeControl "180+1"]
[Date "2023.08.08"]
[WhiteClock "0:00:14"]
[BlackClock "0:00:09"]
[Board "73"]

1. Nf3 d5 2. g3 Nf6 3. Bg2 Bg4 4. O-O Nbd7 5. d4 Bxf3 6. Bxf3 e6 7. b3 Bd6 8. c4 c6 9. Bb2 O-O 10. Nd2 Qe7 11. e4 dxe4 12. Nxe4 Nxe4 13. Bxe4 Nf6 14. Bg2 Ba3 15. Bc3 Bb4 16. Qe1 Bxc3 17. Qxc3 Rfd8 18. Rad1 a5 19. Rfe1 Qc7 20. h3 h6 21. Bf3 Qb6 22. Re5 Qb4 23. Qc2 a4 24. Rd3 axb3 25. Rxb3 Qa4 26. Qb2 Qxc4 27. Rxb7 Rxa2 28. Qb6 Ra1+ 29. Kh2 Rxd4 30. Qc7 Nd7 31. Qd8+ Kh7 32. Rxd7 Rxd7 33. Qxd7 Qf1 34. Be4+ f5 35. Bxf5+ exf5 36. Qxf5+ g6 37. Qf7+ Kh8 38. Re8# 1-0


[Site "https://www.chess.com"]

[Event "Titled Tuesday Blitz August 08 Late 2023"]
[White "Lopez Idarraga, Daniel Eduardo"]
[Black "Yu, Jennifer"]
[WhiteFideId "4405501"]
[BlackFideId "2078341"]
[WhiteElo "2339"]
[BlackElo "2506"]
[Result "1-0"]
[Round "9"]
[TimeControl "180+1"]
[Date "2023.08.08"]
[WhiteClock "0:00:44"]
[BlackClock "0:00:07"]
[Board "74"]

1. d4 d5 2. Nf3 Nf6 3. Bf4 c5 4. c3 Nc6 5. e3 cxd4 6. exd4 Bf5 7. Qb3 Qc8 8. Nbd2 e6 9. Bb5 Be7 10. Ne5 O-O 11. O-O Ne4 12. Nxe4 Bxe4 13. Rae1 Bf6 14. f3 Bf5 15. Qa4 Nxe5 16. Bxe5 Bxe5 17. Rxe5 a6 18. Be2 b5 19. Qd1 Qb7 20. Bd3 Bxd3 21. Qxd3 b4 22. f4 bxc3 23. bxc3 Rac8 24. f5 exf5 25. Rexf5 Qb2 26. Qf3 Rxc3 27. Qxd5 Rc7 28. a4 Qd2 29. a5 Qe3+ 30. Kh1 g6 31. Rf6 Qe2 32. h3 Re7 33. R1f2 Qe1+ 34. Kh2 Kg7 35. R2f3 Qe2 36. Qd6 Qe4 37. R3f4 Qe3 38. Qxa6 Rd8 39. Qb6 Rd5 40. a6 Rg5 41. Rf3 Qe2 42. Rf2 Qe3 43. R6f3 Qe4 44. Qf6+ Kg8 45. Qxg5 1-0


[Site "https://www.chess.com"]

[Event "Titled Tuesday Blitz August 08 Late 2023"]
[White "The_Straightforward_Rook"]
[Black "Jovic, Stanoje"]
[BlackFideId "905020"]
[WhiteElo "2298"]
[BlackElo "2494"]
[Result "1-0"]
[Round "9"]
[TimeControl "180+1"]
[Date "2023.08.08"]
[WhiteClock "0:00:51"]
[BlackClock "0:00:00"]
[Board "75"]

1. d4 Nf6 2. c4 e6 3. Nf3 d5 4. cxd5 exd5 5. Nc3 c6 6. Qc2 Bd6 7. Bg5 O-O 8. e3 Nbd7 9. Bd3 h6 10. Bh4 Re8 11. O-O Qe7 12. Rae1 g5 13. Bg3 Bxg3 14. hxg3 Ne4 15. Nd2 Ndf6 16. Bxe4 dxe4 17. Nc4 Ng4 18. f3 exf3 19. gxf3 b5 20. fxg4 bxc4 21. e4 Bxg4 22. e5 Bh5 23. Ne4 Bg6 24. Qxc4 Bxe4 25. Rxe4 Qe6 26. b3 Qxc4 27. bxc4 Rab8 28. Rf6 Rb2 29. Rxc6 Rxa2 30. Kf1 Rb8 31. Re2 Rb1+ 32. Kf2 Rxe2+ 33. Kxe2 Rb4 34. d5 Kf8 35. d6 Ke8 36. Rc7 a5 37. Kd3 a4 38. Ra7 h5 39. c5 Rb3+ 40. Kc4 1-0


[Site "https://www.chess.com"]

[Event "Titled Tuesday Blitz August 08 Late 2023"]
[White "Kula, Robert"]
[Black "Sadilek, Peter"]
[WhiteFideId "1101218"]
[BlackFideId "1616439"]
[WhiteElo "2263"]
[BlackElo "2484"]
[Result "0-1"]
[Round "9"]
[TimeControl "180+1"]
[Date "2023.08.08"]
[WhiteClock "0:00:00"]
[BlackClock "0:02:01"]
[Board "76"]

1. e4 d6 2. d4 Nf6 3. Bd3 e5 4. Nf3 Nc6 5. d5 Nb4 6. O-O Nxd3 7. Qxd3 Be7 8. c4 O-O 9. Nc3 Nh5 10. h3 f5 11. exf5 Bxf5 12. Ne4 Qe8 13. Qe2 Qg6 14. Ng3 Nxg3 15. fxg3 Bd3 16. Qe1 Bxf1 17. Qxf1 e4 18. Qe2 exf3 19. Qxe7 f2+ 20. Kf1 Qd3+ 21. Qe2 Qxe2+ 22. Kxe2 f1=Q+ 23. Kd2 Qxc4 0-1


[Site "https://www.chess.com"]

[Event "Titled Tuesday Blitz August 08 Late 2023"]
[White "Altman, Joshua"]
[Black "Hng, Mei-En Emmanuelle"]
[WhiteFideId "426210"]
[BlackFideId "5804566"]
[WhiteElo "2574"]
[BlackElo "2286"]
[Result "1-0"]
[Round "9"]
[TimeControl "180+1"]
[Date "2023.08.08"]
[WhiteClock "0:00:08"]
[BlackClock "0:00:08"]
[Board "77"]

1. Nf3 Nf6 2. b3 e6 3. Bb2 d5 4. g3 Be7 5. Bg2 O-O 6. O-O a5 7. a3 c5 8. d4 c4 9. bxc4 dxc4 10. Ne5 Bd7 11. Nxc4 Bc6 12. Bxc6 Nxc6 13. e3 Qd5 14. Nb6 Qb5 15. Nxa8 Qxb2 16. Nd2 Rxa8 17. Rb1 Qxa3 18. Rxb7 Bb4 19. Nc4 Qc3 20. Nb6 Rb8 21. Rxb8+ Nxb8 22. Qf3 h6 23. Qa8 Qc7 24. Na4 Nd7 25. c4 Kh7 26. Qe4+ g6 27. c5 Qc6 28. Qc2 Nf6 29. Nb6 h5 30. Nc4 Nbd7 31. Ra1 Qb5 32. Nd6 Qc6 33. Nxf7 Ng4 34. Ng5+ Kh6 35. Nh3 Qf3 36. Nf4 Ndf6 37. Qxg6# 1-0


[Site "https://www.chess.com"]

[Event "Titled Tuesday Blitz August 08 Late 2023"]
[White "Rabiega, Robert"]
[Black "Adan Bermudez, Sergio"]
[WhiteFideId "4601475"]
[BlackFideId "2292726"]
[WhiteElo "2380"]
[BlackElo "2552"]
[Result "0-1"]
[Round "9"]
[TimeControl "180+1"]
[Date "2023.08.08"]
[WhiteClock "0:00:55"]
[BlackClock "0:00:15"]
[Board "78"]

1. e4 d6 2. d4 Nf6 3. Nc3 e5 4. Nf3 Nbd7 5. Bc4 h6 6. a4 a5 7. O-O Be7 8. Re1 c6 9. Bf1 Qc7 10. Qe2 Nf8 11. h3 g5 12. dxe5 dxe5 13. Nh2 Ng6 14. g3 Bc5 15. Be3 Qb6 16. Bxc5 Qxc5 17. Kg2 h5 18. Qc4 Qxc4 19. Bxc4 Ke7 20. Rad1 Bd7 21. f3 h4 22. Ng4 Bxg4 23. hxg4 hxg3 24. Kxg3 Nf4 25. Rh1 Rad8 26. Ne2 Rxh1 27. Rxh1 Rd2 28. Nxf4 exf4+ 29. Kh3 Nd7 30. Rh2 Rd1 31. Re2 Ne5 32. Bb3 Nxf3 33. Kg2 Ne5 34. Rf2 Nxg4 35. Kf3 Nxf2 36. Kxf2 g4 37. c3 Rd2+ 0-1


[Site "https://www.chess.com"]

[Event "Titled Tuesday Blitz August 08 Late 2023"]
[White "Topalov, Aleksandar"]
[Black "Czerw, Dawid"]
[WhiteFideId "925659"]
[BlackFideId "1145746"]
[WhiteElo "2374"]
[BlackElo "2518"]
[Result "1-0"]
[Round "9"]
[TimeControl "180+1"]
[Date "2023.08.08"]
[WhiteClock "0:01:47"]
[BlackClock "0:01:26"]
[Board "79"]

1. b3 g6 2. Bb2 Nf6 3. Bxf6 exf6 4. c4 d5 5. cxd5 Qxd5 6. e3 Bg7 7. Nc3 Qa5 8. a3 c6 9. b4 Qd8 10. d4 O-O 11. Nge2 f5 12. g3 Nd7 13. Bg2 Nb6 14. O-O Be6 15. Qc2 Nd5 16. Na4 a5 17. Rab1 axb4 18. axb4 Qe7 19. Nc5 Bc8 20. Nc3 Nc7 21. b5 Nxb5 22. Nxb5 cxb5 23. Rxb5 Rd8 24. Nxb7 Bxb7 25. Rxb7 Qd6 26. Qb3 Ra3 27. Qxf7+ Kh8 28. Qxg7# 1-0


[Site "https://www.chess.com"]

[Event "Titled Tuesday Blitz August 08 Late 2023"]
[White "D`Arruda, Ricardo D."]
[Black "Smiechu"]
[WhiteFideId "100692"]
[WhiteElo "2498"]
[BlackElo "2359"]
[Result "1-0"]
[Round "9"]
[TimeControl "180+1"]
[Date "2023.08.08"]
[WhiteClock "0:01:14"]
[BlackClock "0:01:37"]
[Board "80"]

1. Nf3 Nf6 2. d4 c5 3. d5 e6 4. Nc3 b5 5. e4 b4 6. e5 bxc3 7. exf6 Qxf6 8. bxc3 Bb7 9. dxe6 fxe6 10. Be2 Qxc3+ 11. Bd2 Qf6 12. Rb1 Bd5 13. O-O Be7 14. Bg5 Qf7 15. Ne5 Qf5 16. Bxe7 Kxe7 17. f4 Nc6 18. c4 Nxe5 19. fxe5 Qxe5 20. cxd5 Qxd5 21. Qc2 g6 22. Rbd1 Qe5 23. Bf3 d6 24. Bxa8 1-0


[Site "https://www.chess.com"]

[Event "Titled Tuesday Blitz August 08 Late 2023"]
[White "Berezin, Viktor"]
[Black "Kostiukov, Alexandr"]
[WhiteFideId "14107872"]
[BlackFideId "14108100"]
[WhiteElo "2474"]
[BlackElo "2372"]
[Result "1-0"]
[Round "9"]
[TimeControl "180+1"]
[Date "2023.08.08"]
[WhiteClock "0:00:25"]
[BlackClock "0:00:00"]
[Board "81"]

1. g3 g6 2. Bg2 Bg7 3. d3 c5 4. Nf3 Nf6 5. O-O O-O 6. e4 Nc6 7. Nbd2 d5 8. Re1 e5 9. c3 h6 10. Qc2 Be6 11. a3 Qc7 12. exd5 Nxd5 13. Nc4 Nb6 14. Be3 Ne7 15. Nxb6 axb6 16. Rad1 Rad8 17. Bc1 Kh7 18. h3 Nc6 19. Qe2 Bb3 20. Rd2 f5 21. h4 Rfe8 22. Bh3 Qf7 23. Qf1 Qf6 24. c4 g5 25. Bg2 g4 26. Nh2 Nd4 27. Bxb7 Qf7 28. Bg2 e4 29. dxe4 Bxc4 30. Rde2 Nxe2+ 31. Rxe2 Bxe2 32. Qxe2 fxe4 33. Nxg4 Qd5 34. Ne3 Qe5 35. Qg4 Bf6 36. Kh2 Rg8 37. Bxe4+ Kh8 38. Qf3 Bg7 39. Ng4 1-0


[Site "https://www.chess.com"]

[Event "Titled Tuesday Blitz August 08 Late 2023"]
[White "Arnold, Ken"]
[Black "Kukavica, Tony"]
[WhiteFideId "2056836"]
[BlackFideId "2062542"]
[WhiteElo "2462"]
[BlackElo "2343"]
[Result "1/2-1/2"]
[Round "9"]
[TimeControl "180+1"]
[Date "2023.08.08"]
[WhiteClock "0:00:28"]
[BlackClock "0:00:06"]
[Board "82"]

1. d4 d5 2. Nf3 Nf6 3. c3 e6 4. Bf4 Bd6 5. e3 b6 6. Bb5+ c6 7. Bd3 Ba6 8. O-O O-O 9. Re1 Bxd3 10. Qxd3 Qe7 11. Nbd2 Nbd7 12. Bxd6 Qxd6 13. Rad1 Rfd8 14. e4 dxe4 15. Nxe4 Nxe4 16. Qxe4 Nf6 17. Qe2 Rac8 18. g3 h6 19. Ne5 c5 20. dxc5 Qxc5 21. a3 Qc7 22. h4 h5 23. Rd3 Rxd3 24. Nxd3 Rd8 25. Nf4 g6 26. Rd1 Rd6 27. Rxd6 Qxd6 28. c4 Ng4 29. b4 Qd4 30. Kg2 e5 31. Nd5 e4 32. Ne3 Ne5 33. g4 hxg4 34. Nxg4 Nxg4 35. Qxg4 Qxc4 36. h5 Kg7 37. hxg6 fxg6 38. Qf4 Qe6 39. Qc7+ Qf7 40. Qe5+ Kf8 41. Qxe4 Kg7 42. Qe5+ Kf8 43. f4 Qa2+ 44. Kg3 Qxa3+ 45. Kg4 Qxb4 46. Qf6+ Ke8 47. Qxg6+ Ke7 48. Qg7+ Ke8 49. Qxa7 Qd6 50. Qa8+ Kf7 51. Qe4 Qe6+ 52. Kf3 Qxe4+ 53. Kxe4 Kf6 54. Kd4 b5 55. Kc5 Kf5 56. Kb4 Kxf4 57. Kxb5 1/2-1/2


[Site "https://www.chess.com"]

[Event "Titled Tuesday Blitz August 08 Late 2023"]
[White "Swicarz, Maciej"]
[Black "Ai, Evan"]
[WhiteFideId "1113585"]
[BlackFideId "2094770"]
[WhiteElo "2436"]
[BlackElo "2337"]
[Result "0-1"]
[Round "9"]
[TimeControl "180+1"]
[Date "2023.08.08"]
[WhiteClock "0:00:12"]
[BlackClock "0:00:04"]
[Board "83"]

1. c4 e6 2. Nc3 d5 3. d4 Nf6 4. Bg5 Be7 5. e3 Nbd7 6. cxd5 exd5 7. Bd3 c6 8. Nge2 h6 9. Bh4 O-O 10. O-O c5 11. dxc5 Nxc5 12. Bc2 Be6 13. Rc1 Qd7 14. Bb1 Rfd8 15. a3 Nfe4 16. Bxe7 Qxe7 17. b4 Nxc3 18. Nxc3 Ne4 19. Qd3 f5 20. Ne2 Rac8 21. Nf4 Bf7 22. Ba2 Rxc1 23. Rxc1 Qe5 24. Qc2 g5 25. Ne2 Nd6 26. Qc3 Qxc3 27. Rxc3 Nb5 28. Rd3 Kg7 29. a4 Nc7 30. Rc3 Ne6 31. Nd4 Nxd4 32. exd4 Re8 33. Kf1 Re7 34. Rc8 Kf6 35. Rd8 Rc7 36. Bxd5 Rc1+ 37. Ke2 Rc2+ 38. Ke1 Bxd5 39. Rxd5 Rc4 40. Rb5 b6 41. d5 Ke5 42. a5 bxa5 43. bxa5 a6 44. Rb6 Kxd5 45. Rxh6 Rc1+ 46. Kd2 Ra1 47. Rxa6 Ra2+ 48. Kc3 Rxf2 49. Rb6 Rxg2 50. Rb5+ Ke4 51. Rb4+ Kf3 52. Ra4 Rxh2 53. a6 Rh8 54. a7 Ra8 55. Kd2 f4 56. Ke1 g4 57. Kf1 g3 58. Ra3+ Kg4 59. Ra4 Kh3 60. Ra3 f3 61. Rxf3 Rxa7 62. Rf8 Ra1+ 63. Ke2 Kg2 64. Rb8 Ra7 65. Rb2 Re7+ 66. Kd3+ Kh1 67. Rb8 g2 68. Rh8+ Kg1 69. Kd2 Re5 70. Rh7 Kf2 71. Rf7+ Kg3 72. Rg7+ Kf3 73. Rg8 Re4 74. Rf8+ Rf4 75. Rg8 Rg4 76. Rf8+ Kg3 77. Ke2 g1=Q 78. Rf3+ Kg2 79. Re3 Qxe3+ 0-1


[Site "https://www.chess.com"]